[Event "ICC tourney 2983 (25 5)"]
[Site "Internet Chess Club"]
[Date "2022.08.13"]
[Round "3"]
[White "MEHTA, CHAITANYA:Chai2006"]
[Black "LIN, LEIA:K05-17110828"]
[Result "0-1"]
[ICCResult "White checkmated"]
[WhiteElo "1231"]
[BlackElo "1310"]
[Opening "Sicilian: Alapin's variation (2.c3)"]
[ECO "B22"]
[NIC "SI.46"]
[Time "14:00:05"]
[PlyCount "78"]
[TimeControl "1500+5"]

1. e4 c5 2. c3 d5 3. exd5 Qxd5 4. d4 cxd4 5. cxd4 e6 6. Nc3 Qd8 7. Nf3 Nf6
8. Bf4 a6 9. Bd3 Nc6 10. O-O Be7 11. a3 O-O 12. Re1 h6 13. Qd2 Re8 14. Rad1
b5 15. Ne4 Bb7 16. Nxf6+ Bxf6 17. Bxh6 gxh6 18. Qxh6 Bg7 19. Qh5 Qf6 20. Ng5
Ne7 21. Re3 Nf5 22. Bxf5 Qxf5 23. Rg3 Qg6 24. Qg4 f6 25. Qf4 fxg5 26. Rxg5
Qf7 27. Qg3 Rac8 28. h4 Rf8 29. h5 Kh7 30. Qg4 Qxf2+ 31. Kh1 Bxg2+ 32. Qxg2
Qh4+ 33. Kg1 Bxd4+ 34. Rxd4 Qxd4+ 35. Kh2 Rf2 36. Rg7+ Kh8 37. Rg8+ Rxg8 38.
h6 Qh4+ 39. Kg1 Rgxg2# {White checkmated} 0-1

[Event "ICC tourney 2983 (25 5)"]
[Site "Internet Chess Club"]
[Date "2022.08.13"]
[Round "3"]
[White "Cao, Frank Zhongtian:FrankCao"]
[Black "RAMANATHAN, VARUN:Grasshopper411"]
[Result "1/2-1/2"]
[ICCResult "Game drawn by mutual agreement"]
[WhiteElo "1253"]
[BlackElo "1284"]
[Opening "Caro-Kann: exchange variation"]
[ECO "B13"]
[NIC "CK.02"]
[Time "14:00:11"]
[PlyCount "61"]
[TimeControl "1500+5"]

1. e4 c6 2. d4 d5 3. exd5 cxd5 4. Bd3 Nc6 5. c3 Nf6 6. h3 e6 7. Bf4 Qb6 8.
Qb3 Bd7 9. Nf3 g6 10. Nbd2 Bg7 11. O-O O-O 12. Qxb6 axb6 13. a3 Rfe8 14.
Rfe1 Rac8 15. Ne5 Nh5 16. Nxd7 Nxf4 17. Bf1 e5 18. dxe5 Nxe5 19. Nxe5 Bxe5
20. Nf3 Bg7 21. Bb5 Red8 22. Rad1 Ne6 23. Bf1 d4 24. cxd4 Nxd4 25. Nxd4 Bxd4
26. b4 Bb2 27. Rxd8+ Rxd8 28. Re7 Bxa3 29. Rxb7 Bxb4 30. Rxb6 Bc5 31. Rc6
{Game drawn by mutual agreement}
1/2-1/2

[Event "ICC tourney 2983 (25 5)"]
[Site "Internet Chess Club"]
[Date "2022.08.13"]
[Round "4"]
[White "STINSON, RUSSELL:rcstinson"]
[Black "LIN, CARL:K01-17110834"]
[Result "1-0"]
[ICCResult "Black checkmated"]
[WhiteElo "1405"]
[BlackElo "1275"]
[Opening "Queen's pawn game"]
[ECO "D00"]
[NIC "QP.08"]
[Time "15:30:37"]
[PlyCount "81"]
[TimeControl "1500+5"]

1. d4 d5 2. e3 Bf5 3. Bd3 Bg6 4. Nd2 Nc6 5. f4 Nf6 6. Ngf3 e6 7. Ne5 Qd6 8.
O-O Be7 9. Nxg6 hxg6 10. Nf3 Ng4 11. h3 Nf6 12. Ne5 a6 13. c3 O-O-O 14. Nxf7
Qd7 15. Nxd8 Rxd8 16. Bxg6 Rh8 17. f5 Ne4 18. fxe6 Qd6 19. Bxe4 dxe4 20. Qg4
Rg8 21. Rf7 Bf6 22. Rxf6 Kb8 23. Rg6 Ne7 24. Rxg7 Rxg7 25. Qxg7 Qxe6 26. Bd2
Nf5 27. Qf8+ Ka7 28. Rf1 Ng3 29. Rf6 Qd7 30. Rf7 Qc6 31. Qc5+ Qxc5 32. dxc5
Nh1 33. Kxh1 b6 34. Rxc7+ Kb8 35. cxb6 a5 36. c4 a4 37. c5 a3 38. bxa3 Ka8
39. c6 Kb8 40. Bc3 Ka8 41. Rc8# {Black checkmated} 1-0

[Event "ICC tourney 2983 (25 5)"]
[Site "Internet Chess Club"]
[Date "2022.08.13"]
[Round "4"]
[White "Mishra, Aakash:ttpq52"]
[Black "Aramyan, Ara:AraAramyan"]
[Result "1-0"]
[ICCResult "Black checkmated"]
[WhiteElo "489"]
[BlackElo "754"]
[Opening "Queen's pawn: Chigorin variation"]
[ECO "D00"]
[NIC "QP.08"]
[Time "15:33:17"]
[PlyCount "43"]
[TimeControl "1500+5"]

1. d4 d5 2. Nc3 Nf6 3. Bf4 a6 4. e3 Nc6 5. Nf3 Bg4 6. Be2 e6 7. Qd3 Bf5 8.
Qd2 Bb4 9. Bg5 h6 10. Bxf6 Qxf6 11. O-O-O O-O 12. h3 h5 13. Ne5 Nxe5 14.
dxe5 Qxe5 15. Bxh5 Be4 16. f3 Qxh5 17. fxe4 dxe4 18. Qd4 Bxc3 19. Qxc3 Qg5
20. Qd4 Qxg2 21. Rdg1 Qf3 22. Qxg7# {Black checkmated} 1-0

[Event "ICC tourney 2983 (25 5)"]
[Site "Internet Chess Club"]
[Date "2022.08.13"]
[Round "4"]
[White "ZHOU, YUCHEN:K01-30171464"]
[Black "Mishra, Abhinav:acm9000"]
[Result "1-0"]
[ICCResult "Black resigns"]
[WhiteElo "904"]
[BlackElo "1211"]
[Opening "QGD: 4.Bg5"]
[ECO "D50"]
[NIC "QO.16"]
[Time "15:30:48"]
[PlyCount "69"]
[TimeControl "1500+5"]

1. d4 d5 2. c4 e6 3. Nc3 Nf6 4. Bg5 h6 5. Bh4 Bb4 6. cxd5 exd5 7. Nf3 c6 8.
e3 Bg4 9. Be2 Nbd7 10. O-O O-O 11. Nd2 Bxe2 12. Qxe2 Bxc3 13. bxc3 Qc7 14.
Bg3 Qd8 15. Rab1 Nb6 16. Rfc1 Qd7 17. c4 dxc4 18. Nxc4 Nxc4 19. Rxc4 Ne4 20.
Qb2 Nxg3 21. hxg3 Rab8 22. Rb4 b5 23. Rc1 a5 24. Rb3 Rfc8 25. Rc5 Rc7 26.
Qa3 Ra8 27. Qc1 Rac8 28. Qc3 b4 29. Qc2 Ra7 30. Rd3 Qb7 31. d5 Ra6 32. dxc6
Raxc6 33. Rxc6 Qxc6 34. Rd8+ Rxd8 35. Qxc6 {Black resigns} 1-0

[Event "ICC tourney 2983 (25 5)"]
[Site "Internet Chess Club"]
[Date "2022.08.13"]
[Round "4"]
[White "RAMANATHAN, VARUN:Grasshopper411"]
[Black "Hyzer, Evan:ehyzer"]
[Result "0-1"]
[ICCResult "White resigns"]
[WhiteElo "1284"]
[BlackElo "1053"]
[Opening "Sicilian: closed"]
[ECO "B23"]
[NIC "SI.44"]
[Time "15:30:58"]
[PlyCount "64"]
[TimeControl "1500+5"]

1. e4 c5 2. Nc3 d6 3. f4 Nc6 4. Bb5 g6 5. Nf3 Bg7 6. d4 cxd4 7. Nxd4 Bd7 8.
Be3 Qa5 9. O-O Rd8 10. Bxc6 bxc6 11. Nb3 Qc7 12. Qf3 Nf6 13. Bd4 c5 14. Nd5
Qb7 15. Nxf6+ exf6 16. Bc3 O-O 17. Rad1 Bb5 18. Rfe1 Rfe8 19. Na5 Qa6 20. e5
fxe5 21. fxe5 dxe5 22. Rxd8 Rxd8 23. Nb3 c4 24. Nc5 Qb6 25. Bb4 e4 26. Qe3
Bd4 27. c3 Bxe3+ 28. Rxe3 a5 29. Ba3 Rd5 30. Kf1 Rxc5 31. Bxc5 Qxc5 32. Rxe4
Qf5+ {White resigns} 0-1

[Event "ICC tourney 2983 (25 5)"]
[Site "Internet Chess Club"]
[Date "2022.08.13"]
[Round "4"]
[White "Chen, Angelique Lee:oklahoo"]
[Black "MOELTNER, BRIAN MICHAEL:BrianM1"]
[Result "0-1"]
[ICCResult "White checkmated"]
[WhiteElo "899"]
[BlackElo "1214"]
[Opening "Sicilian"]
[ECO "B56"]
[NIC "SI.25"]
[Time "15:32:04"]
[PlyCount "134"]
[TimeControl "1500+5"]

1. e4 c5 2. Nf3 d6 3. Nc3 Nc6 4. d4 cxd4 5. Nxd4 Nf6 6. h3 a6 7. Be2 Qb6 8.
Nxc6 bxc6 9. O-O e6 10. Rb1 Be7 11. Be3 Qc7 12. Bf3 Bb7 13. Qe2 d5 14. exd5
cxd5 15. Rfd1 O-O 16. Qd3 e5 17. Nxd5 Nxd5 18. Bxd5 Rad8 19. Qb3 Bxd5 20.
Rxd5 Rxd5 21. Qxd5 Qxc2 22. Qd1 Qg6 23. Qf1 f5 24. Qc4+ Kh8 25. Re1 f4 26.
Bd2 Bh4 27. Qc5 Kg8 28. Qxe5 f3 29. g3 Bf6 30. Qd5+ Kh8 31. Qxf3 Qc2 32. Bc3
h6 33. Qe3 Bxc3 34. bxc3 Qxa2 35. Qc5 Qf7 36. Rf1 Qf3 37. Qa3 Rf6 38. Qb2 h5
39. Qb8+ Kh7 40. Qe5 h4 41. Qg5 hxg3 42. Qxg3 Rg6 43. Qxg6+ Kxg6 44. Rc1
Qxh3 45. c4 Qg4+ 46. Kf1 Qh5 47. Ke1 Qh1+ 48. Kd2 Qf3 49. Ke1 a5 50. c5 Qc6
51. Kd2 a4 52. Rg1+ Kf5 53. Rxg7 Qh6+ 54. Kc3 Qxg7+ 55. Kb4 Qa7 56. c6 a3
57. c7 Qxc7 58. Kxa3 Qc3+ 59. Ka4 Qd4+ 60. Ka3 Qxf2 61. Ka4 Qb6 62. Ka3 Qb5
63. Ka2 Qb4 64. Ka1 Ke4 65. Ka2 Kd3 66. Ka1 Kc2 67. Ka2 Qb2# {White
checkmated} 0-1

[Event "ICC tourney 2983 (25 5)"]
[Site "Internet Chess Club"]
[Date "2022.08.13"]
[Round "4"]
[White "BOGIN, THEODORE:tbogin1"]
[Black "ANGEL, BORYS:BArkadia"]
[Result "1-0"]
[ICCResult "Black forfeits on time"]
[WhiteElo "1262"]
[BlackElo "1434"]
[Opening "Ruy Lopez: closed (10...c5)"]
[ECO "C96"]
[NIC "RL.23"]
[Time "15:30:38"]
[PlyCount "109"]
[TimeControl "1500+5"]

1. e4 e5 2. Nf3 Nc6 3. Bb5 a6 4. Ba4 Nf6 5. O-O b5 6. Bb3 Be7 7. Re1 d6 8.
c3 O-O 9. h3 Na5 10. Bc2 c5 11. d4 cxd4 12. cxd4 Nc6 13. d5 Nb4 14. Nbd2
Nxc2 15. Qxc2 Bd7 16. Nf1 Rc8 17. Qd3 h6 18. Ng3 Qb6 19. Be3 Qb7 20. Nh4
Nxd5 21. exd5 Bxh4 22. Ne4 Be7 23. Rad1 f5 24. Nc3 f4 25. Bc1 b4 26. Ne4 Bb5
27. Qf3 Bc4 28. b3 Bxd5 29. Rxd5 Kh8 30. Nxd6 Bxd6 31. Rxd6 Qxf3 32. gxf3
Rf5 33. Bd2 Rc2 34. Bxb4 Rg5+ 35. Kf1 Rh5 36. Kg2 Rg5+ 37. Kf1 Rh5 38. Rd2
Rc6 39. Rd8+ Kh7 40. Re8 Rxh3 41. R8xe5 Rh1+ 42. Kg2 Rxe1 43. Rxe1 Rg6+ 44.
Kh3 h5 45. Re4 Rf6 46. Bd2 g5 47. Re5 Kg6 48. a4 Rd6 49. Ba5 Rd1 50. Re1 Rd3
51. Kg2 Rxb3 52. Re6+ Kf5 53. Rxa6 g4 54. fxg4+ hxg4 55. Bd8
{Black forfeits on time}
1-0

[Event "ICC tourney 2983 (25 5)"]
[Site "Internet Chess Club"]
[Date "2022.08.13"]
[Round "4"]
[White "MEHTA, CHAITANYA:Chai2006"]
[Black "MOROZOV, VASILIY:VasilyMorozov"]
[Result "0-1"]
[ICCResult "White checkmated"]
[WhiteElo "1231"]
[BlackElo "1393"]
[Opening "Scandinavian: Pytel-Wade variation"]
[ECO "B01"]
[NIC "SD.02"]
[Time "15:30:41"]
[PlyCount "146"]
[TimeControl "1500+5"]

1. e4 d5 2. exd5 Qxd5 3. Nc3 Qd6 4. d4 Nf6 5. Nf3 c6 6. Bc4 Bg4 7. Be3 e6 8.
h3 Bh5 9. Qe2 Be7 10. Bb3 Nbd7 11. O-O-O Nd5 12. Nxd5 cxd5 13. g4 Bg6 14.
Qb5 Qc6 15. Ba4 Qxb5 16. Bxb5 a6 17. Bxd7+ Kxd7 18. Ne5+ Ke8 19. Nxg6 hxg6
20. f4 Rc8 21. Rdf1 f5 22. g5 Rc6 23. h4 Kd7 24. Rf2 b5 25. Rfh2 Rhc8 26. c3
b4 27. Bd2 bxc3 28. bxc3 Bb4 29. h5 gxh5 30. Rxh5 Bxc3 31. Rh7 Bxd4+ 32. Kd1
Rb6 33. Rxg7+ Bxg7 34. Rh7 Rg8 35. Bc3 Rb7 36. Rxg7+ Rxg7 37. Bxg7 Kc6 38.
Be5 Rb1+ 39. Kc2 Rg1 40. Kd3 Rg2 41. a4 Kc5 42. Kc3 Rg3+ 43. Kd2 Kb4 44. Ke2
Kxa4 45. Kf2 Rg4 46. Ke3 Kb4 47. Kd4 Rg1 48. Bd6+ Kb5 49. Ke5 Re1+ 50. Kf6
d4 51. Be5 d3 52. Bc3 Rc1 53. Bd2 Rc2 54. Be3 d2 55. Bxd2 Rxd2 56. g6 Rg2
57. g7 a5 58. Kf7 a4 59. g8=Q Rxg8 60. Kxg8 a3 61. Kf7 a2 62. Kxe6 a1=Q 63.
Kxf5 Qg7 64. Ke6 Kc6 65. f5 Qf8 66. f6 Kc5 67. f7 Kc6 68. Kf6 Kd6 69. Kg6
Ke6 70. Kh7 Qxf7+ 71. Kh8 Qb7 72. Kg8 Kf6 73. Kh8 Qg7# {White checkmated}
0-1

[Event "ICC tourney 2983 (25 5)"]
[Site "Internet Chess Club"]
[Date "2022.08.13"]
[Round "4"]
[White "LIN, LEIA:K05-17110828"]
[Black "Cao, Frank Zhongtian:FrankCao"]
[Result "0-1"]
[ICCResult "White checkmated"]
[WhiteElo "1310"]
[BlackElo "1253"]
[Opening "Caro-Kann: advance variation"]
[ECO "B12"]
[NIC "CK.04"]
[Time "15:30:42"]
[PlyCount "148"]
[TimeControl "1500+5"]

1. e4 c6 2. d4 d5 3. e5 Bf5 4. Nf3 e6 5. Be3 Nd7 6. Be2 c5 7. c3 Qb6 8. Qd2
Bxb1 9. Rxb1 cxd4 10. Bxd4 Bc5 11. O-O Ne7 12. Qe3 O-O 13. Bd3 h6 14. Rfd1
Nc6 15. Bc2 Bxd4 16. cxd4 Nb4 17. Bb3 Rfc8 18. a3 Nc6 19. Bc2 Ncxe5 20. Ne1
Nc4 21. Qd3 Nf6 22. b4 Nd6 23. Nf3 Nde4 24. Re1 Rc3 25. Qd1 Rac8 26. Bb3
R3c7 27. h3 Nc3 28. Qd3 Nxb1 29. Rxb1 Rc1+ 30. Rxc1 Rxc1+ 31. Kh2 Qd6+ 32.
Ne5 Ne4 33. f3 Nf6 34. Qe3 Rc8 35. Qd3 Nd7 36. f4 Nxe5 37. fxe5 Qe7 38. Bc2
g6 39. Qe3 Rxc2 40. Qxh6 Qc7 41. Qg5 Rc6 42. Qf6 Qc8 43. Qe7 a6 44. Qf6 b5
45. Qe7 Rc3 46. Qh4 Rxa3 47. Qf6 Rb3 48. Qe7 Rd3 49. Qa7 Rc3 50. h4 Rc4 51.
h5 gxh5 52. Qe7 Rxd4 53. Qg5+ Kf8 54. Qxh5 Ke7 55. Qg5+ Kd7 56. Qf6 Qe8 57.
Qf2 Qh8+ 58. Kg3 Qxe5+ 59. Kh3 Qh5+ 60. Kg3 Rg4+ 61. Kf3 Qf5+ 62. Ke2 Qxf2+
63. Kxf2 Rxb4 64. g4 a5 65. g5 a4 66. g6 fxg6 67. Ke3 a3 68. Kd3 Rc4 69. Kd2
a2 70. Ke3 a1=Q 71. Kf2 Qb2+ 72. Ke3 Qb3+ 73. Kf2 Rc2+ 74. Ke1 Qb1#
{White checkmated}
0-1

[Event "ICC tourney 2983 (25 5)"]
[Site "Internet Chess Club"]
[Date "2022.08.13"]
[Round "5"]
[White "MOELTNER, BRIAN MICHAEL:BrianM1"]
[Black "Mishra, Aakash:ttpq52"]
[Result "1-0"]
[ICCResult "Black checkmated"]
[WhiteElo "1214"]
[BlackElo "489"]
[Opening "Owen defense"]
[ECO "B00"]
[NIC "VO.01"]
[Time "17:00:07"]
[PlyCount "63"]
[TimeControl "1500+5"]

1. e4 b6 2. Nc3 Bb7 3. Bc4 e6 4. d4 d5 5. Bb5+ c6 6. Bd3 c5 7. dxc5 Bxc5 8.
Bb5+ Nd7 9. exd5 Nf6 10. dxe6 Qe7 11. Bxd7+ Nxd7 12. Qxd7+ Qxd7 13. exd7+
Kxd7 14. Nf3 Rhe8+ 15. Be3 Bxe3 16. fxe3 Rxe3+ 17. Kf2 Ree8 18. Rad1+ Kc8
19. Nb5 Rd8 20. Nd6+ Kb8 21. Nxb7 Kxb7 22. Rhe1 Rdc8 23. Re7+ Ka6 24. Nd4
Rf8 25. b4 Rac8 26. b5+ Ka5 27. a3 Ra8 28. Rb1 Ka4 29. Re3 Rac8 30. Rb4+ Ka5
31. Re7 Rfd8 32. Rxa7# {Black checkmated} 1-0

[Event "ICC tourney 2983 (25 5)"]
[Site "Internet Chess Club"]
[Date "2022.08.13"]
[Round "5"]
[White "STINSON, RUSSELL:rcstinson"]
[Black "BOGIN, THEODORE:tbogin1"]
[Result "0-1"]
[ICCResult "White resigns"]
[WhiteElo "1405"]
[BlackElo "1262"]
[Opening "Queen's pawn game"]
[ECO "A45"]
[NIC "QP.07"]
[Time "17:00:01"]
[PlyCount "74"]
[TimeControl "1500+5"]

1. d4 Nf6 2. e3 g6 3. Bd3 Bg7 4. Nd2 d5 5. Ngf3 c5 6. c3 c4 7. Bc2 Nc6 8. b3
b5 9. a4 bxa4 10. bxc4 O-O 11. Bxa4 Bd7 12. cxd5 Nxd5 13. c4 Nc3 14. Qc2
Nxa4 15. Rxa4 Nxd4 16. exd4 Bxa4 17. Qxa4 Bxd4 18. Nxd4 Qxd4 19. O-O Rfb8
20. Nf3 Qd8 21. Rd1 Qe8 22. Qxe8+ Rxe8 23. Bh6 Red8 24. Rxd8+ Rxd8 25. h3
Rc8 26. Nd2 a5 27. Be3 a4 28. Bd4 a3 29. Kf1 a2 30. Ke2 Ra8 31. Ba1 Rb8 32.
c5 Rb1 33. Nb3 Rxb3 34. c6 Rb8 35. c7 Rc8 36. Be5 Rxc7 37. Kd3 Rc1
{White resigns}
0-1

[Event "ICC tourney 2983 (25 5)"]
[Site "Internet Chess Club"]
[Date "2022.08.13"]
[Round "5"]
[White "Mishra, Abhinav:acm9000"]
[Black "Chen, Angelique Lee:oklahoo"]
[Result "0-1"]
[ICCResult "White resigns"]
[WhiteElo "1211"]
[BlackElo "899"]
[Opening "Queen's pawn, Mason variation"]
[ECO "D00"]
[NIC "QP.08"]
[Time "17:00:01"]
[PlyCount "68"]
[TimeControl "1500+5"]

1. d4 d5 2. Bf4 Nf6 3. e3 Bf5 4. c4 c6 5. Qb3 b6 6. Nc3 e6 7. Nf3 Be7 8. Be2
O-O 9. O-O Nh5 10. Bg3 Nxg3 11. hxg3 Nd7 12. Rac1 Nf6 13. Nh4 Be4 14. Nxe4
Nxe4 15. Nf3 h5 16. Bd3 h4 17. g4 Nf6 18. Nh2 Bd6 19. f4 Qc7 20. cxd5 exd5
21. Rf3 Qd7 22. Bf5 Qc7 23. Rh3 g6 24. Bd3 Rfe8 25. Re1 Bxf4 26. Rxh4 Bg3
27. Rh3 Bxe1 28. Qc2 Bg3 29. Bxg6 Rxe3 30. Bd3 Re1+ 31. Bf1 Qf4 32. Qd3 Qf2+
33. Kh1 Bxh2 34. Kxh2 Nxg4+ {White resigns} 0-1

[Event "ICC tourney 2983 (25 5)"]
[Site "Internet Chess Club"]
[Date "2022.08.13"]
[Round "5"]
[White "LIN, CARL:K01-17110834"]
[Black "ZHOU, YUCHEN:K01-30171464"]
[Result "0-1"]
[ICCResult "White checkmated"]
[WhiteElo "1275"]
[BlackElo "904"]
[Opening "Sicilian: Najdorf"]
[ECO "B90"]
[NIC "SI.14"]
[Time "17:00:06"]
[PlyCount "114"]
[TimeControl "1500+5"]

1. e4 c5 2. Nf3 d6 3. d4 cxd4 4. Nxd4 Nf6 5. Nc3 a6 6. Bd3 g6 7. Be3 Bg7 8.
Qd2 Ng4 9. h3 Nxe3 10. Qxe3 O-O 11. O-O Nd7 12. Rab1 Ne5 13. Rbd1 Nxd3 14.
Qxd3 b5 15. Nc6 Qd7 16. Nd4 Bb7 17. Nb3 Rac8 18. Nd5 Bxd5 19. exd5 Bxb2 20.
Na5 Bg7 21. Rfe1 Bc3 22. Nc6 Bxe1 23. Rxe1 e6 24. Nb4 a5 25. dxe6 fxe6 26.
Na6 Ra8 27. Nc5 Qf7 28. Nxe6 Qxf2+ 29. Kh2 Qxe1 30. Nxf8 Rxf8 31. Qd5+ Kg7
32. Qxd6 Qb4 33. Qe5+ Rf6 34. Qc7+ Kh6 35. Qa7 Qf4+ 36. Kg1 Qg3 37. Qd4 Rd6
38. Qa1 Re6 39. Qc1+ Qe3+ 40. Qxe3+ Rxe3 41. Kf2 Ra3 42. g4 Rxa2 43. g5+ Kh5
44. h4 Rxc2+ 45. Ke3 b4 46. Kd4 b3 47. Kd5 a4 48. Kd4 a3 49. Ke3 b2 50. Ke4
b1=Q 51. Kd4 Rd2+ 52. Kc3 Qb2+ 53. Kc4 Rd4+ 54. Kc5 Qb4+ 55. Kc6 Rd6+ 56.
Kc7 Qb6+ 57. Kc8 Rd8# {White checkmated} 0-1

[Event "ICC tourney 2983 (25 5)"]
[Site "Internet Chess Club"]
[Date "2022.08.13"]
[Round "5"]
[White "ANGEL, BORYS:BArkadia"]
[Black "RAMANATHAN, VARUN:Grasshopper411"]
[Result "1-0"]
[ICCResult "Black checkmated"]
[WhiteElo "1434"]
[BlackElo "1284"]
[Opening "Caro-Kann: Steinitz variation"]
[ECO "B17"]
[NIC "CK.05"]
[Time "17:00:13"]
[PlyCount "69"]
[TimeControl "1500+5"]

1. e4 c6 2. d4 d5 3. Nc3 dxe4 4. Nxe4 Nd7 5. c4 Ngf6 6. Nxf6+ Nxf6 7. Nf3
Bf5 8. Bd3 Bxd3 9. Qxd3 c5 10. Bf4 e6 11. Qb3 cxd4 12. Qxb7 Be7 13. Qc6+ Kf8
14. O-O Rc8 15. Qa6 Bc5 16. Rad1 Ra8 17. Nxd4 Qe7 18. Nc6 Qe8 19. Bd6+ Bxd6
20. Rxd6 Ne4 21. Rd4 Nf6 22. Rfd1 g6 23. Rd8 Kg7 24. Rxe8 Rhxe8 25. h3 e5
26. Qb7 e4 27. Ne5 Rf8 28. c5 Rae8 29. Ng4 Nh5 30. c6 Kh8 31. Rd7 Ng7 32.
Rxf7 Rg8 33. Nf6 Rb8 34. Rxg7 Rxb7 35. Rxg8# {Black checkmated} 1-0

[Event "ICC tourney 2983 (25 5)"]
[Site "Internet Chess Club"]
[Date "2022.08.13"]
[Round "5"]
[White "Hyzer, Evan:ehyzer"]
[Black "Cao, Frank Zhongtian:FrankCao"]
[Result "1-0"]
[ICCResult "Black forfeits on time"]
[WhiteElo "1053"]
[BlackElo "1253"]
[Opening "Caro-Kann: exchange variation"]
[ECO "B13"]
[NIC "CK.02"]
[Time "17:00:02"]
[PlyCount "75"]
[TimeControl "1500+5"]

1. e4 c6 2. d4 d5 3. exd5 cxd5 4. Nf3 Nc6 5. Bf4 Bg4 6. Bb5 e6 7. h3 Bxf3 8.
Bxc6+ bxc6 9. Qxf3 Nf6 10. O-O Bd6 11. Bg5 O-O 12. a3 Be7 13. b4 Ne4 14.
Bxe7 Qxe7 15. Qd3 h6 16. f3 Nf6 17. Nd2 Qd6 18. c4 Rfd8 19. cxd5 cxd5 20.
Nb3 Nh5 21. Nc5 Qg3 22. f4 Qxd3 23. Nxd3 Ng3 24. Rfc1 Ne2+ 25. Kf2 Nxc1 26.
Rxc1 Rac8 27. Nc5 Kf8 28. g4 Ke7 29. Kf3 g6 30. Re1 Kf6 31. h4 g5 32. fxg5+
hxg5 33. hxg5+ Kxg5 34. Re5+ Kg6 35. Kf4 Rh8 36. Rg5+ Kf6 37. Nd7+ Ke7 38.
Ne5 {Black forfeits on time} 1-0

[Event "ICC tourney 2983 (25 5)"]
[Site "Internet Chess Club"]
[Date "2022.08.13"]
[Round "5"]
[White "GHAZARIAN, JANNA:Janna"]
[Black "MEHTA, CHAITANYA:Chai2006"]
[Result "0-1"]
[ICCResult "White resigns"]
[WhiteElo "963"]
[BlackElo "1231"]
[Opening "French: exchange variation"]
[ECO "C01"]
[NIC "FR.01"]
[Time "17:00:00"]
[PlyCount "88"]
[TimeControl "1500+5"]

1. e4 e6 2. d4 d5 3. exd5 exd5 4. Bd3 Bd6 5. Ne2 Ne7 6. Nbc3 Nbc6 7. Bg5 f6
8. Bh4 Be6 9. O-O Qd7 10. a4 a6 11. Rb1 g5 12. Bg3 h5 13. f4 h4 14. Be1 g4
15. Bd2 g3 16. Rf3 Bg4 17. Rf1 Nxd4 18. Qe1 Bc5 19. Nxd4 Bxd4+ 20. Be3 Bxe3+
21. Qxe3 d4 22. Qe1 dxc3 23. Qxc3 h3 24. Qxf6 O-O-O 25. b4 gxh2+ 26. Kxh2
hxg2+ 27. Kxg2 Rdg8 28. Kf2 Rh2+ 29. Ke3 Nf5+ 30. Bxf5 Bxf5 31. Rbd1 Rg3+
32. Rf3 Rxf3+ 33. Kxf3 Qxd1+ 34. Kg3 Rh3+ 35. Kg2 Qf3+ 36. Kg1 Qe3+ 37. Kg2
Be4+ 38. Kf1 Qxf4+ 39. Qxf4 Rf3+ 40. Qxf3 Bxf3 41. Kf2 Be4 42. Ke2 Bxc2 43.
Kd2 Bxa4 44. Kc3 Kd7 {White resigns} 0-1

[Event "ICC tourney 2983 (25 5)"]
[Site "Internet Chess Club"]
[Date "2022.08.13"]
[Round "5"]
[White "MOROZOV, VASILIY:VasilyMorozov"]
[Black "LIN, LEIA:K05-17110828"]
[Result "1-0"]
[ICCResult "Black forfeits on time"]
[WhiteElo "1393"]
[BlackElo "1310"]
[Opening "Réti: Nimzovich-Larsen attack"]
[ECO "A06"]
[NIC "QP.09"]
[Time "17:00:04"]
[PlyCount "77"]
[TimeControl "1500+5"]

1. Nf3 d5 2. b3 Bf5 3. Bb2 e6 4. e3 Nf6 5. Be2 Nc6 6. d3 Be7 7. Nh4 Bg6 8.
Nd2 Qd7 9. Nxg6 hxg6 10. Nf3 a6 11. c4 Bb4+ 12. Nd2 d4 13. Qc2 Rd8 14. a3
Bxd2+ 15. Qxd2 b6 16. b4 e5 17. Rc1 Qe7 18. Qc2 dxe3 19. fxe3 Nh5 20. Bxh5
Qh4+ 21. g3 Qxh5 22. Qa4 Qf3 23. Kd2 Qe4 24. d4 Qg2+ 25. Kd3 O-O 26. d5 e4+
27. Kc3 Qe2 28. Rcd1 Qxe3+ 29. Kc2 Ne5 30. Bxe5 Qe2+ 31. Kb1 Qxc4 32. Qc2
Qxc2+ 33. Kxc2 Rd7 34. Rhe1 f5 35. Re3 Rfd8 36. Re2 Rxd5 37. Red2 Rxd2+ 38.
Rxd2 Rxd2+ 39. Kxd2 {Black forfeits on time} 1-0